 Dungeon Crawl Stone Soup version 0.30.1-4-g462c640d31 (webtiles) character file.

Game seed: 3689353289016634905

174 Wiggles the Chopper (level 5, -2/47 HPs)
             Began as a Minotaur Berserker on Aug 18, 2023.
             Was a Believer of Trog.
             Slain by a mummy (15 damage)
             ... in an ossuary.
             The game lasted 00:04:26 (2369 turns).

Wiggles the Chopper (Minotaur Berserker)            Turns: 2369, Time: 00:04:26

Health: -2/47      AC:  5    Str: 23    XL:     5   Next: 28%
Magic:  4/4        EV: 12    Int:  4    God:    Trog [**....]
Gold:   176        SH:  0    Dex: 10    Spells: 4/4 levels left

rFire   . . .        a - +0 hand axe
rCold   . . .        (no shield)
rNeg    + . .        g - +0 leather armour
rPois   .            (helmet restricted)
rElec   .            d - +0 cloak
rCorr   .            k - +0 pair of gloves
SInv    .            (no boots)
Will    .....        (no amulet)
Stlth   +            n - ring of positive energy
HPRegen 0.27/turn    (no ring)
MPRegen 0.09/turn

%: no passive effects
@: no status effects
A: horns 2, retaliatory headbutt
a: Renounce Religion, Berserk, Trog's Hand


You were in an ossuary.
You worshipped Trog.
Trog was pleased with you.
You visited 1 branch of the dungeon, and saw 5 of its levels.
You also visited: Ossuary.

You collected 176 gold pieces.

Inventory:

Hand Weapons
 a - a +0 hand axe (weapon)
Armour
 d - a +0 cloak (worn)
 g - a +0 leather armour (worn)
 k - a +0 pair of gloves (worn)
Jewellery
 n - a ring of positive energy (left hand)
Wands
 o - a wand of polymorph (8)
Scrolls
 b - a scroll of enchant weapon {unknown}
 c - 4 scrolls of identify {unknown}
 h - 2 scrolls of poison {unknown}
 i - 2 scrolls of fog {unknown}
 m - 4 scrolls of noise {unknown}
 p - a scroll of enchant armour {unknown}
 q - a scroll of fear {unknown}
 r - a scroll of amnesia {unknown}
Potions
 e - a potion of mutation {unknown}
 f - a potion of flight {unknown}
 j - a potion of attraction {unknown}
 l - 3 potions of curing {unknown}


   Skills:
 + Level 4.9 Fighting
 + Level 5.6 Axes
 + Level 3.0 Armour
 + Level 3.0 Dodging
 + Level 0.3 Stealth


You had 4 spell levels left.
You didn't know any spells.
Your spell library was empty.

Dungeon Overview and Level Annotations

Branches:
Dungeon (4/15)            Ossuary (1/1)
 Temple: D:4-7

Altars:
Elyvilon
Zin
The Shining One

Shops:
D:1 (


Innate Abilities, Weirdness & Mutations

You have a pair of horns on your head.
You reflexively headbutt those who attack you in melee.


Message History

You barely miss the kobold zombie.
You headbutt the kobold zombie, but do no damage.
The kobold zombie is almost destroyed.
You hit the orc zombie.
The orc zombie hits you but does no damage.
The kobold zombie hits you but does no damage.
You slash the kobold zombie!
You destroy the kobold zombie!
Trog accepts your kill.
You barely miss the orc zombie. You slash the orc zombie!
You destroy the orc zombie!
Trog accepts your kill. The orc zombie barely misses you.
You slash the orc zombie! Your headbutt misses the orc zombie.
The orc zombie is almost destroyed.
The orc zombie closely misses you.
You barely miss the orc zombie.
The orc zombie is almost destroyed.
You hit the mummy. The orc zombie closely misses you. You furiously retaliate!
You headbutt the orc zombie!
You destroy the orc zombie!
Trog accepts your kill.
You hit the mummy but do no damage.
The mummy is lightly damaged.
The mummy hits you!
You hit the mummy. Your headbutt misses the mummy.
The mummy is lightly damaged.
You barely miss the mummy. The mummy hits you but does no damage.
The mummy hits you.
You hit the mummy. Your headbutt misses the mummy.
The mummy is moderately damaged.
You hit the mummy. You hit the mummy but do no damage.
The mummy is moderately damaged.
You hit the mummy. The mummy hits you but does no damage. The mummy hits you!
* * * LOW HITPOINT WARNING * * *
You completely miss the mummy.
The mummy is moderately damaged.
You hit the mummy but do no damage. The mummy hits you!
You die...

...........
.........
........
......
#....#
#....#
#MM..#
#.@..#
#....#
#....#
#....#
#....#
#.∩∩.#
######


You could see 2 mummies.

Vanquished Creatures
  A hound (D:3)
  A sleepcap (D:4)
  5 adders
  2 worms
  A dart slug (D:3)
  4 bats
  9 endoplasms
  5 giant cockroaches
  2 gnoll zombies (Ossuary)
  3 goblins
  4 hobgoblins
  6 jackals
  A kobold (D:1)
  2 quokkas (D:2)
  4 ball pythons
  4 frilled lizards
  A kobold zombie (Ossuary)
  4 orc zombies (Ossuary)
  4 rats
63 creatures vanquished.

Notes
Turn   | Place    | Note
-------+----------+-------------------------------------------
     0 | D:1      | Wiggles the Minotaur Berserker began the quest for the Orb.
     0 | D:1      | Reached XP level 1. HP: 19/19 MP: 0/0
    75 | D:1      | Reached XP level 2. HP: 22/27 MP: 1/1
   264 | D:1      | Reached skill level 4 in Axes
   365 | D:1      | Found Ynasituwn's Antique Weapon Shop.
   544 | D:1      | Reached XP level 3. HP: 31/33 MP: 2/2
   626 | D:1      | Found a faded altar of an unknown god.
   812 | D:2      | Reached ** piety under Trog
  1246 | D:2      | Reached XP level 4. HP: 36/41 MP: 3/3
  1894 | D:3      | Reached skill level 5 in Axes
  2221 | D:4      | Reached XP level 5. HP: 47/47 MP: 4/4
  2252 | D:4      | Found a glowing golden altar of the Shining One.
  2253 | D:4      | Found a white marble altar of Elyvilon.
  2302 | D:4      | Found a glowing silver altar of Zin.
  2319 | D:4      | You fall into a shaft and drop 3 floors!
  2340 | D:7      | Found a sand-covered staircase.
  2348 | Ossuary  | Entered an ossuary
  2369 | Ossuary  | Slain by a mummy

Illustrated notes

Levels and vault maps discovered:
D:1:      scummos_arrival_gate, layout_basic,
          dilly_ecumenical_altar_fadedgnrine, serial_shops, shop,
          dreamdust_princess_corridor
D:2:      layout_loops_ring, serial_bayou_lagoon_a
D:3:      layout_rooms
D:4:      layout_loops_ring, good_gods_temple_1, minmay_temple_entry_trees,
          ebering_ghost_reflecting_pool, minivault_25, lightli_corner_chamber,
          uniq_natasha
D:7:      layout_loops_corners, nicolae_ru_awakened_eye,
          nicolae_uskayaw_dance_studio, nicolae_overflow_squiral,
          enter_ossuary_4, uniq_crazy_yiuf_cottage
Ossuary:  ossuary_tomb_3

Skill      XL: |  1  2  3  4 |
---------------+-------------+-----
Fighting       | 4 |  4.9
Axes           | 4 5 |  5.6
Armour         | 3 |  3.0
Dodging        | 3 |  3.0
Stealth        | |  0.3

Action                     |  1- 3 |  4- 6 || total
---------------------------+-------+-------++-------
  Melee: Hand axe          |    73 |    63 ||   136
         Headbutt          |     9 |    10 ||    19
 Armour: Animal skin       |    11 |       ||    11
         Leather armour    |    11 |    16 ||    27
  Dodge: Dodged            |    49 |    38 ||    87
